 Dungeon Crawl Stone Soup version 0.27-a0-1291-geefcff550b (webtiles) character file.

Game seed: 482063490861970615

120 lessens the Firebug (level 5, -3/28 HPs)
             Began as a Tengu Fire Elementalist on June 15, 2021.
             Slain by an adder (5 damage)
             ... on level 3 of the Dungeon.
             The game lasted 00:04:53 (2544 turns).

lessens the Firebug (Tengu Fire Elementalist)       Turns: 2544, Time: 00:04:53

Health: -3/28      AC:  2    Str:  8    XL:     5   Next: 4%
Magic:  4/10       EV: 14    Int: 16    God:
Gold:   58         SH:  0    Dex: 15    Spells: 2/10 levels left

rFire    . . .     SeeInvis .   f - +0 hunting sling
rCold    . . .     Faith    .   (no shield)
rNeg     . . .     Spirit   .   a - +0 robe
rPois    .         Reflect  .   (helmet restricted)
rElec    .         Harm     .   (no cloak)
rCorr    .         Rampage  .   (no gloves)
Will     .....                  (boots unavailable)
Stlth    ++........             (no amulet)
HPRegen  0.09/turn              (no ring)
MPRegen  0.12/turn              (no ring)

@: flying quickly and evasively, quick
A: beak, talons 3, nimble flight
a: no special abilities


You were on level 3 of the Dungeon.
You visited 1 branch of the dungeon, and saw 3 of its levels.

You collected 58 gold pieces.

Inventory:

Hand Weapons
 f - a +0 hunting sling (weapon)
Missiles
 d - 24 stones (quivered ammo)
 m - 11 sling bullets
Armour
 a - a +0 robe (worn)
Magical Staves
 n - a staff of poison
Jewellery
 e - a +6 ring of strength
 h - a ring of ice
Scrolls
 c - a scroll of fog {unknown}
 g - a scroll of magic mapping {unknown}
 i - a scroll of teleportation {unknown}
 k - 3 scrolls of identify {unknown}
 l - a scroll of acquirement {unknown}


   Skills:
 - Level 2.1 Dodging
 - Level 2.0 Stealth
 + Level 3.1 Spellcasting
 + Level 3.6 Conjurations
 + Level 4.4 Fire Magic


You had 2 spell levels left.
You knew the following spells:

 Your Spells              Type           Power      Damage    Failure   Level
a - Foxfire               Conj/Fire      60%        2x1d7     3%          1
b - Conjure Flame         Conj/Fire      15%        6-21      11%         3
c - Sticky Flame          Conj/Fire      15%        2d4       34%         4

Your spell library contained the following spells:

 Spells                   Type           Power      Damage    Failure   Level
 Inner Flame              Hex/Fire       9%         N/A       22%         3
 Confusing Touch          Hex            2%         N/A       50%         3
 Gell's Gravitas          Tloc           1%         N/A       50%         3
 Fireball                 Conj/Fire      7%         3d5       67%         5
 Petrify                  Tmut/Erth      2%         N/A       88%         4
 Metabolic Englaciation   Hex/Ice        1%         N/A       99%         5
 Yara's Violent Unravell  Hex/Tmut       1%         3d3       99%         5


Dungeon Overview and Level Annotations

Branches:
Dungeon (3/15)

Altars:


Innate Abilities, Weirdness & Mutations

You have a beak for a mouth.
You have claws for feet.
Your magical nature lets you fly swiftly and evasively.


Message History

You conjure some foxfire!
You feel sick. The jackal misses you.
It was a potion of might.
You feel very mighty all of a sudden.
You feel sick.
The foxfire hits the jackal.
The jackal is moderately wounded.
The foxfire hits the jackal.
The jackal is almost dead.
The jackal closely misses you.
It was a potion of cancellation.
Your magical effects are unravelling.
You feel magically purged.
Your magical contamination has completely faded away.
You feel a little less mighty now.
You feel sick. The jackal bites you.
* * * LOW HITPOINT WARNING * * *
The jackal bites you but does no damage.
Casting: Foxfire (safe; 3% risk of failure)
Confirm with . or Enter, or press ? or * to list all spells.
You conjure some foxfire!
You feel sick.
You are no longer poisoned.
The jackal barely misses you.
Your foxfire dissipates!
The foxfire hits the jackal but does no damage.
The jackal is almost dead.
Casting: Foxfire (safe; 3% risk of failure)
Confirm with . or Enter, or press ? or * to list all spells.
You don't know that spell.
You're already flying!
Casting: Foxfire (safe; 3% risk of failure)
Confirm with . or Enter, or press ? or * to list all spells.
You conjure some foxfire!
The jackal bites you.
* * * LOW HITPOINT WARNING * * *
The foxfire hits the adder.
The adder is moderately wounded.
The jackal completely misses you.
Casting: Foxfire (safe; 3% risk of failure)
Confirm with . or Enter, or press ? or * to list all spells.
You conjure some foxfire!
The jackal completely misses you. The adder bites you.
You die...

###...#
#.....#
#.....# #..##
#.....# .....
#.....###8..8#
#.....#.....#
#..v.v#....#
#...@v#....#
#####Sh#ยง...#
......)><(..(#
#########.(..#
..(.# ....#
....# ....#
...##


You could see an adder (ally target) and a jackal (ally target).

Vanquished Creatures
  A centaur skeleton (D:2)
  Robin (D:2)
  2 adders (D:2)
  3 dart slugs
  6 bats
  2 endoplasms (D:2)
  2 giant cockroaches
  12 goblins
  8 hobgoblins
  4 jackals
  A quokka (D:1)
  5 ball pythons
  A frilled lizard (D:2)
  2 kobolds
  5 rats
55 creatures vanquished.

Vanquished Creatures (others)
  127 foxfires
127 creatures vanquished.

Grand Total: 182 creatures vanquished

Notes
Turn   | Place    | Note
-------+----------+-------------------------------------------
     0 | D:1      | lessens the Tengu Fire Elementalist began the quest for the
                  | Orb.
     0 | D:1      | Reached XP level 1. HP: 10/10 MP: 4/4
   384 | D:1      | Reached XP level 2. HP: 15/15 MP: 1/6
  1328 | D:2      | Reached XP level 3. HP: 19/19 MP: 5/7
  1386 | D:2      | Reached skill level 4 in Fire Magic
  1477 | D:2      | Found a faded altar of an unknown god.
  1635 | D:2      | Reached XP level 4. HP: 24/24 MP: 7/9
  1637 | D:2      | Noticed Robin
  2147 | D:2      | Killed Robin
  2377 | D:2      | Learned a level 3 spell: Conjure Flame
  2382 | D:2      | Learned a level 4 spell: Sticky Flame
  2462 | D:2      | Gained mutation: Your magical nature lets you fly swiftly
                  | and evasively. [Tengu growth]
  2462 | D:2      | Reached XP level 5. HP: 28/28 MP: 10/10
  2544 | D:3      | Slain by an adder

Illustrated notes

Levels and vault maps discovered:
D:1:      dpeg_arrival_rooms_a, layout_basic
D:2:      layout_loops_ring, shapermc_ecumenical_altar_notcrosses,
          kennysheep_generic_room_8, uniq_robin
D:3:      layout_basic, minitemple, hangedman_glass_teeth, uniq_terence,
          uniq_grinder

Skill      XL: |  1  2  3  4 |
---------------+-------------+-----
Conjurations   | 2 3 |  3.6
Fire Magic     | 4 |  4.4
Spellcasting   | 3 |  3.1
Dodging        | |  2.1
Stealth        | |  2.0

Action                   |  1- 3 |  4- 6 || total
-------------------------+-------+-------++-------
 Fire: Hunting sling     |     6 |    23 ||    29
 Cast: Foxfire           |    50 |    40 ||    90
  Use: Potion            |       |     2 ||     2
Armor: Robe              |     2 |    11 ||    13
Dodge: Dodged            |    18 |    24 ||    42

Table legend: (Time is in decaauts)
 A = Elapsed time spent in this place.
 B = Non-inter-level travel time spent in this place.
 C = Inter-level travel time spent in this place.
 D = Time resting spent in this place.
 E = Time spent auto-exploring this place.
 F = Levels seen in this place.
 G = Mean time per level.
                   A        B        C        D        E       F      G
               +--------+--------+--------+--------+--------+-----+--------+
         Total |   2543 |   2417 |    126 |     14 |   2014 |   3 |  847.7 |
       Dungeon |   2543 |   2417 |    126 |     14 |   2014 |   3 |  847.7 |
               +--------+--------+--------+--------+--------+-----+--------+

Top non-repeatable levels by time:
     D:1: 1309 daAuts
     D:2: 1218 daAuts
     D:3: 15 daAuts
